 Dungeon Crawl Stone Soup version 0.27-a0-249-g74f53ef629 (webtiles) character file.

Game seed: 12659883359050725764

392 Borgoz the Slasher (level 6, -2/52 HPs)
             Began as a Ghoul Gladiator on Feb 3, 2021.
             Slain by an ogre
             ... wielding a +0 giant spiked club
              (17 damage)
             ... while paralysed
             ... on level 4 of the Dungeon.
             The game lasted 00:03:14 (3825 turns).

Borgoz the Slasher (Ghoul Gladiator)                Turns: 3825, Time: 00:03:15

Health: -2/52      AC:  7    Str: 15 (18) XL:     6   Next: 81%
Magic:  5/5        EV:  2    Int:  0 (3)  God:
Gold:   91         SH:  0    Dex: 11 (12) Spells: 5/5 levels left

rFire    . . .     SeeInvis .   a - +0 long sword
rCold    + . .     Faith    .   (no shield)
rNeg     + + +     Spirit   .   l - +0 ring mail
rPois    ∞         Reflect  .   c - +0 helmet
rElec    .         Harm     .   (no cloak)
rCorr    .         Rampage  .   e - +0 pair of gloves
Will     .....                  (no boots)
Stlth    +.........             (no amulet)
HPRegen  0.00/turn              (no ring)
MPRegen  0.09/turn              (no ring)

@: paralysed, slowed, lost intelligence
A: claws 1, cold resistance 1, negative energy resistance 3, inhibited
regeneration, torment resistance, unbreathing
a: no special abilities


You were on level 4 of the Dungeon.
You visited 1 branch of the dungeon, and saw 4 of its levels.

You collected 91 gold pieces.

Inventory:

Hand Weapons
 a - a +0 long sword (weapon)
 d - a +4 great sword
Armour
 c - a +0 helmet (worn)
 e - a +0 pair of gloves (worn)
 l - a +0 ring mail (worn)
Scrolls
 f - 4 scrolls of enchant armour
 i - a scroll of fear
 j - a scroll of remove curse
Potions
 h - a potion of brilliance


   Skills:
 + Level 3.9 Fighting
 * Level 4.7 Long Blades
 - Level 1.7 Throwing
 + Level 2.4 Armour
 + Level 3.8 Dodging


You had 5 spell levels left.
You didn't know any spells.
Your spell library was empty.

Dungeon Overview and Level Annotations

Branches:
Dungeon (4/15)
 Temple: D:4-7

Altars:
Hepliaklqana
Xom


Innate Abilities, Weirdness & Mutations

You thrive by killing the living.
You are immune to poison.
You have sharp fingernails.
Your flesh is cold resistant. (rC+)
You are immune to negative energy. (rN+++)
You do not regenerate when monsters are visible.
You are immune to unholy pain and torment.
You can survive without breathing.


Message History

The ogre hits you with a +0 giant spiked club!
You barely miss the ogre.
The ogre hits you with a +0 giant spiked club!
You slash the ogre!
The ogre is moderately wounded.
The ogre closely misses you.
You closely miss the ogre.
The ogre is moderately wounded.
The ogre closely misses you.
You riposte.
You hit the ogre.
The ogre is heavily wounded.
You barely miss the ogre.
The ogre is heavily wounded.
The ogre hits you with a +0 giant spiked club!
* * * LOW HITPOINT WARNING * * *
It was a potion of degeneration.
There was something very wrong with that liquid.
You feel weakened.
You feel dopey.
You have lost your intelligence.
You feel clumsy.
The ogre hits you with a +0 giant spiked club!
You die...

..................
.......#......)...
###...............
##................
.............#########
###..........#.......#
.......#.....#.......#
######.......#...O...#
#....#.......# #@#
#.##.#...###.###.#
#'##+#.#.........#
.......#.###.##..###
.......#.###.##........
..<....#..##.##........
........#..............
......#.#..#.##.##+##..
......#.#....<#.# .


You could see an ogre.

Vanquished Creatures
  3 wights (D:4)
  A bullfrog zombie (D:4)
  A hound (D:4)
  An orc priest (D:3)
  An orc wizard (D:3)
  A worker ant (D:4)
  Robin (D:4)
  2 adders (D:3)
  A howler monkey skeleton (D:4)
  4 oozes
  A worm (D:4)
  A leopard gecko (D:3)
  2 orcs (D:3)
  A giant cockroach (D:1)
  17 goblins
  4 hobgoblins
  3 jackals (D:1)
  2 quokkas
  A ball python (D:4)
  7 bats
  7 frilled lizards
  4 kobolds
  A quokka skeleton (D:4)
  8 rats
75 creatures vanquished.

Notes
Turn   | Place    | Note
-------+----------+-------------------------------------------
     0 | D:1      | Borgoz the Ghoul Gladiator began the quest for the Orb.
     0 | D:1      | Reached XP level 1. HP: 17/17 MP: 0/0
   232 | D:1      | Reached XP level 2. HP: 14/25 MP: 1/1
   236 | D:1      | Reached skill level 3 in Long Blades
   799 | D:1      | Reached XP level 3. HP: 30/30 MP: 2/2
  1650 | D:2      | Reached skill level 1 in Armour
  1787 | D:2      | Found a shimmering altar of Xom.
  2112 | D:3      | Reached XP level 4. HP: 22/37 MP: 3/3
  2365 | D:3      | Reached XP level 5. HP: 41/45 MP: 4/4
  3164 | D:3      | Found a hazy altar of Hepliaklqana.
  3257 | D:4      | Reached skill level 4 in Long Blades
  3267 | D:4      | Reached XP level 6. HP: 12/51 MP: 5/5
  3459 | D:4      | Noticed Robin
  3526 | D:4      | Killed Robin
  3824 | D:4      | Lost intelligence.
  3825 | D:4      | Slain by an ogre

Illustrated notes

Levels and vault maps discovered:
D:1:      kennysheep_arrival_seaside, layout_basic
D:2:      layout_loops_ring, nicolae_overflow_crystal_walls
D:3:      layout_basic, nzn_hepliaklqana_mist_gate, due_unseen_surprise
D:4:      layout_basic, palyth_stone_intersect, grunt_ministairs_5,
          chequers_serial_rivers_micro_c, uniq_grinder, uniq_ijyb, uniq_robin

Skill      XL: |  1  2  3  4  5 |
---------------+----------------+-----
Long Blades    | 3 4 |  4.7
Dodging        | 3 |  3.8
Armour         | 1 2 |  2.4
Fighting       | 3 |  3.9
Throwing       | |  1.7

Action                   |  1- 3 |  4- 6 || total
-------------------------+-------+-------++-------
Melee: Long sword        |   115 |   169 ||   284
Throw: Throwing net      |       |     3 ||     3
  Use: Scroll            |     4 |     4 ||     8
       Potion            |       |     4 ||     4
Armor: Leather armour    |    35 |     1 ||    36
       Ring mail         |       |    43 ||    43
Dodge: Dodged            |    69 |   109 ||   178
       Rpst.: Long sword |    23 |    38 ||    61

Table legend: (Time is in decaauts)
 A = Elapsed time spent in this place.
 B = Non-inter-level travel time spent in this place.
 C = Inter-level travel time spent in this place.
 D = Time resting spent in this place.
 E = Time spent auto-exploring this place.
 F = Levels seen in this place.
 G = Mean time per level.
                   A        B        C        D        E       F      G
               +--------+--------+--------+--------+--------+-----+--------+
         Total |   3885 |   3805 |     80 |    563 |   2611 |   4 |  971.2 |
       Dungeon |   3885 |   3805 |     80 |    563 |   2611 |   4 |  971.2 |
               +--------+--------+--------+--------+--------+-----+--------+

Top non-repeatable levels by time:
     D:1: 1431 daAuts
     D:3: 1213 daAuts
     D:4: 652 daAuts
     D:2: 588 daAuts
